 Dungeon Crawl Stone Soup version 0.19-a0-981-gaae9137 (webtiles) character file.

1664 Charly the Grappler (level 8, 79/83 HPs)
             Began as a Troll Transmuter on July 14, 2016.
             Quit the game on level 4 of the Dungeon.
             The game lasted 00:23:40 (1583 turns).

Charly the Grappler (Troll Transmuter)              Turns: 1583, Time: 00:23:41

Health: 79/83      AC:  5    Str: 19    XL:     8   Next: 69%
Magic:  8/8        EV: 11    Int:  9    God:
Gold:   57         SH:  0    Dex: 12    Spells: 2 memorised, 6 levels left

rFire  . . .     SeeInvis .       - Unarmed
rCold  . . .     Gourm    +     b - +0 robe
rNeg   . . .     Faith    .     (no shield)
rPois  .         Spirit   .     (helmet restricted)
rElec  .         Dismiss  .     (no cloak)
rCorr  .         Reflect  .     (gloves unavailable)
SustAt .         Harm     .     (boots unavailable)
MR     +....                    (no amulet)
Stlth  +.........               n - +1 ring of evasion
                                m - ring of protection from magic

@: somewhat resistant to hostile enchantments, very unstealthy
A: unfitting armour, claws 3, fast metabolism 3, gourmand, regeneration 2,
shaggy fur 1, tough skin 2
a: no special abilities


You were on level 4 of the Dungeon.
You were very hungry.

You visited 1 branch of the dungeon, and saw 9 of its levels.
You also visited: Ossuary.

You collected 429 gold pieces.
You spent 372 gold pieces at shops.

Inventory:

Missiles
 a - 60 arrows
 p - 8 curare-tipped needles
Armour
 b - a +0 robe (worn)
 f - a cursed +1 robe
Jewellery
 m - a ring of protection from magic (left claw)
 n - a +1 ring of evasion (right claw)
Wands
 i - a wand of acid (3/15)
 l - a wand of paralysis (19/24)
Scrolls
 g - 3 scrolls of teleportation
 q - 3 scrolls of identify
Potions
 e - a potion of haste
 h - 6 potions of heal wounds
 k - a potion of might
 o - a potion of cancellation
 r - a potion of lignification
 s - a potion of invisibility
Books
 c - a book of Changes

   Spells                             Type                      Level
   a - Beastly Appendage              Transmutation                1
   b - Sticks to Snakes               Transmutation                2
   c - Spider Form                    Transmutation/Poison         3
   d - Ice Form                       Ice/Transmutation            4
   e - Blade Hands                    Transmutation                5
 j - a book of Unlife

   Spells                             Type                      Level
   a - Recall                         Summoning/Translocation      3
   b - Animate Dead                   Necromancy                   4
   c - Control Undead                 Necromancy                   4
   d - Cigotuvi's Embrace             Necromancy                   5
   e - Death Channel                  Necromancy                   6
   f - Simulacrum                     Ice/Necromancy               6
Comestibles
 d - 6 bread rations


   Skills:
 + Level 5.8 Fighting
 - Level 1.5 Dodging
 * Level 9.2 Unarmed Combat
 - Level 1.2 Spellcasting
 - Level 1.3 Transmutations


You had 6 spell levels left.
You knew the following spells:

 Your Spells              Type           Power        Failure   Level  Hunger
a - Beastly Appendage     Tmut           #.....       21%         1    ##.....
s - Sticks to Snakes      Tmut           #.......     34%         2    ###....


Dungeon Overview and Level Annotations

Branches:
Dungeon (9/15)
 Temple: D:4-7         Lair: D:8-11         Orc: D:9-12

Altars:

Shops:
D:4 !   D:7 =


Innate Abilities, Weirdness & Mutations

You are too large for most types of armour.
You have claws for hands.
Your metabolism is lightning-fast.
You like to eat raw meat.
You heal very quickly.
You are covered in fur. (AC +1)
You have very tough skin. (AC +2)


Message History

The howler monkey hoots and howls with incredible vigour!
The quokka bites you but does no damage.
The quokka twitches its whiskers.
The quokka bites you but does no damage.
The howler monkey hoots and howls with incredible vigour!
You hear an angry hiss.
The quokka barely misses you.
A giant newt comes into view.
The giant newt moves out of view.
The quokka closely misses you.
The giant cockroach waves its antennae.
Found 29 sling bullets.
You are feeling very hungry.
The quokka bites you.
The howler monkey hoots and howls with incredible vigour!
You hear an angry hiss.
The giant newt hisses angrily.
Found 10 stones.
Drop what? 19/52 slots (_ for help) (? for menu, Esc to quit)
Okay, then.
Are you sure you want to abandon this character and quit the game? (Confirm with "yes".)

.....##.##.........#.#######.#
.######.##.##.##.....# #.###
.# #.##.##.######## #.#.## .#
#.......# #....# .# ##.#.##.#
###.## .# #.......# ###### #.#
.######..#....###.....# #>#
.....†.†.#......#.....# #†#
...........#....@.....# ####.#
..............rs#..l(.# #....#
..#####.........#.....# #....#
..# ####.##..h####### #...##
.(# #.##...# ##.##
..########......# #Z#
..##......(##..######### #h#
..##.####..##..#sh..h..# #s#
....##......#.#####.# #.#


You could see a howler monkey, a quokka, a giant cockroach and a giant newt.

Vanquished Creatures
  The ghost of Shenda the Slasher, an amateur VSFi (Ossuary)
  A steam dragon (D:9)
  A hungry ghost (D:7)
  A hippogriff (D:7)
  Eustachio (D:4)
  A water moccasin (D:7)
  An ogre (D:5)
  2 centaurs
  An elf zombie (Ossuary)
  A scorpion (D:7)
  A crimson imp (D:8)
  A jelly (D:6)
  2 hounds
  2 human zombies (Ossuary)
  A giant frog skeleton (D:4)
  5 worker ants
  2 mummies (Ossuary)
  4 adders
  A shadow imp (D:7)
  An ooze (D:4)
  2 dart slugs
  2 giant geckos
  7 orcs
  2 giant cockroaches
  4 gnoll zombies (Ossuary)
  2 goblins
  A hobgoblin (D:3)
  4 jackals (D:2)
  2 quokkas
  3 bats (D:2)
  3 giant newts
  4 goblin zombies (Ossuary)
  2 hobgoblin zombies (Ossuary)
  An orc zombie (Ossuary)
70 creatures vanquished.

Vanquished Creatures (collateral kills)
  An ogre (D:4)
1 creature vanquished.

Grand Total: 71 creatures vanquished

Notes
Turn   | Place    | Note
-------+----------+-------------------------------------------
     0 | D:1      | Charly the Troll Transmuter began the quest for the Orb.
     0 | D:1      | Reached XP level 1. HP: 18/18 MP: 1/1
    67 | D:2      | Reached XP level 2. HP: 26/26 MP: 2/2
    96 | D:2      | Learned a level 2 spell: Sticks to Snakes
   107 | D:2      | Reached skill level 4 in Unarmed Combat
   180 | D:4      | Reached XP level 3. HP: 32/32 MP: 0/3
   218 | D:4      | Reached XP level 4. HP: 40/40 MP: 4/4
   233 | D:4      | Reached skill level 5 in Unarmed Combat
   255 | D:4      | Noticed an ogre
   265 | D:4      | Killed an ogre
   265 | D:4      | Reached skill level 1 in Fighting
   277 | D:5      | Entered Level 5 of the Dungeon
   339 | D:5      | Found a sand-covered staircase.
   344 | Ossuary  | Entered an ossuary
   348 | Ossuary  | Noticed Shenda's ghost (amateur VSFi)
   358 | Ossuary  | Killed Shenda's ghost
   358 | Ossuary  | Reached skill level 6 in Unarmed Combat
   358 | Ossuary  | Reached XP level 5. HP: 50/50 MP: 5/5
   358 | Ossuary  | Reached XP level 6. HP: 59/59 MP: 6/6
   582 | D:5      | Reached XP level 7. HP: 67/68 MP: 3/7
   680 | D:7      | Noticed a hungry ghost
   700 | D:9      | Noticed a steam dragon
   707 | D:9      | Killed a steam dragon
   707 | D:9      | Reached skill level 7 in Unarmed Combat
   877 | D:7      | Killed a hungry ghost
   877 | D:7      | Reached XP level 8. HP: 79/79 MP: 8/8
   938 | D:7      | Reached skill level 5 in Fighting
   940 | D:7      | Reached skill level 8 in Unarmed Combat
  1067 | D:7      | Found Acith's Jewellery Boutique.
  1389 | D:4      | Noticed Eustachio
  1408 | D:4      | Killed Eustachio
  1408 | D:4      | Reached skill level 9 in Unarmed Combat
  1431 | D:4      | Found Yffewnih's Distillery.
  1446 | D:4      | Bought a potion of lignification for 36 gold pieces
  1446 | D:4      | Bought 2 potions of heal wounds for 120 gold pieces
  1446 | D:4      | Bought a potion of heal wounds for 60 gold pieces
  1446 | D:4      | Bought a potion of heal wounds for 60 gold pieces
  1446 | D:4      | Bought a potion of invisibility for 96 gold pieces
  1583 | D:4      | Quit the game

Vault maps used:
D:1:      dpeg_arrival_chase
D:2:      zin_scriptorium, ecumenical_altar_2, uniq_robin
D:3:      nicolae_underground_beach
D:4:      serial_shops, shop_statue, uniq_eustachio
D:5:      nicolae_ossuary_entry_false_entrances, first_bread
D:7:      lemuel_slime, serial_shops, shop, kennysheep_potato
D:9:      david_orc_2, serial_shops, nicolae_shop_trees, hangedman_ranch,
          nicolae_looking_at_the_future, uniq_erolcha
Ossuary:  minmay_ossuary_gauntlet

Skill      XL: |  1  2  3  4  5  6  7  8 |
---------------+-------------------------+-----
Unarmed Combat | 4 6 7 9 |  9.2
Fighting       | 2 3 4 5 |  5.8
Dodging        | |  1.5
Spellcasting   | |  1.2
Transmutations | |  1.3

Action                   |  1- 3 |  4- 6 |  7- 9 || total
-------------------------+-------+-------+-------++-------
Melee: Unarmed           |    50 |    86 |    97 ||   233
       Punch             |     1 |     4 |     1 ||     6
       Kick              |       |     1 |     2 ||     3
 Cast: Sticks to Snakes  |     1 |     3 |     2 ||     6
       Beastly Appendage |       |     1 |     1 ||     2
Evoke: Wand              |       |       |     3 ||     3
  Use: Scroll            |     5 |     2 |     7 ||    14
       Potion            |       |     2 |       ||     2
 Stab: Paralysed         |       |       |     3 ||     3
  Eat: Bread ration      |       |     1 |       ||     1
       Chunk             |       |       |     6 ||     6
       Beef jerky        |       |       |     1 ||     1
Armor: Robe              |    43 |     7 |    71 ||   121
       Skin              |       |    74 |       ||    74
Dodge: Dodged            |    60 |    21 |   166 ||   247
